 Dungeon Crawl Stone Soup version 0.31.0-9-g3a7656b989 (webtiles) character file.

Game seed: 1150264536240444314

142 Hopman the Trooper (level 5, -5/47 HPs)
             Began as a Hill Orc Fighter on Feb 4, 2024.
             Slain by a gnoll
             ... wielding a +0 halberd
              (9 damage)
             ... on level 4 of the Dungeon.
             The game lasted 00:04:22 (1067 turns).

Hopman the Trooper (Hill Orc Fighter)               Turns: 1067, Time: 00:04:23

Health: -5/47      AC: 16    Str: 20 (21) XL:     5   Next: 25%
Magic:  5/5        EV:  9    Int: 13 (14) God:
Gold:   52         SH:  4    Dex:  8 (10) Spells: 4/4 levels left

rFire   + . .        a - +0 war axe
rCold   + . .        c - +0 buckler
rNeg    . . .        b - +0 scale mail
rPois   +            q - +2 hat
rElec   +            (no cloak)
rCorr   +            (no gloves)
SInv    .            k - +2 pair of boots
Will    .....        (no amulet) Stlth
                     i - +6 ring of intelligence
HPRegen 0.27/turn    o - +4 ring of protection
MPRegen 0.09/turn

%: no passive effects
@: resistant, attractive
A: no striking features
a: no special abilities


You were on level 4 of the Dungeon.
You visited 1 branch of the dungeon, and saw 3 of its levels.

You collected 52 gold pieces.

Inventory:

Hand Weapons
 a - a +0 war axe (weapon)
Armour
 b - a +0 scale mail (worn)
 c - a +0 buckler (worn)
 e - a +0 helmet
 k - a +2 pair of boots (worn)
 q - a +2 hat (worn)
Jewellery
 i - a +6 ring of intelligence (left hand)
 o - a +4 ring of protection (right hand)
 s - a +6 ring of strength
Scrolls
 g - 2 scrolls of enchant weapon {unknown}
 j - 2 scrolls of noise {unknown}
 l - a scroll of amnesia {unknown}
 m - 3 scrolls of teleportation {unknown}
 n - a scroll of poison {unknown}
Potions
 f - a potion of attraction
 h - 2 potions of degeneration


   Skills:
 + Level 4.6 Fighting
 + Level 4.2 Axes
 + Level 4.2 Armour
 + Level 4.2 Shields


You had 4 spell levels left.
You didn't know any spells.
Your spell library contained the following spells:

 Spells                   Type           Power      Damage    Failure   Level
 Necrotise                Necr           0%         1d4       71%         1
 Vampiric Draining        Necr           0%         2d6       97%         3
 Martyr's Knell           Necr/Summ      0%         N/A       100%        4
 Curse of Agony           Necr           0%         N/A       100%        5


Dungeon Overview and Level Annotations

Branches:
Dungeon (4/15)
 Temple: D:4-7

Altars:


Message History

You kill the hobgoblin!
The gnoll barely misses you. x2; The goblin hits you but does no damage.
The ribbon worm is attracted toward you.
The hobgoblin is attracted toward you.
You completely miss the goblin. You barely miss the goblin.
The gnoll hits you but does no damage. You block the goblin's attack. x2
You slash the goblin!
You kill the goblin!
You barely miss the goblin. The gnoll closely misses you.
The goblin hits you but does no damage.
The ribbon worm expels a string of sticky webbing.
The stream of webbing hits you but does no damage.
You are caught in a web!
The ribbon worm is attracted toward you.
The web tears apart.
The gnoll hits you from afar with a +0 halberd.
* * * LOW HITPOINT WARNING * * *
The goblin barely misses you. The ribbon worm closely misses you.
You barely miss the ribbon worm. You completely miss the goblin.
The gnoll barely misses you. The goblin closely misses you.
The ribbon worm closely misses you. The goblin closely misses you.
The gnoll closely misses you.
You barely miss the ribbon worm. You slash the goblin!
You kill the goblin!
The gnoll misses you. You block the ribbon worm's attack.
The hobgoblin is attracted toward you.
You slash the ribbon worm!
The ribbon worm is almost dead.
You barely miss the hobgoblin.
You feel a little less mighty now. The gnoll closely misses you.
The hobgoblin hits you but does no damage.
The ribbon worm bites you but does no damage.
You slash the ribbon worm!
You kill the ribbon worm!
You closely miss the hobgoblin. You block the gnoll's attack.
The hobgoblin hits you but does no damage.
You block the hobgoblin's attack. The gnoll barely misses you.
The gnoll hits you with a +0 halberd!
You die...

#.........#.#.#####
########..........#
#..#.#.#####
#....#.# #.#....#
#.##.#)# #....#.#
######)#####
#....#g@...#
#.#.#g.##.#
#...#).# ##!.>...#
#.......#
.#.......#
.........#
......#.##
...#.....


You could see a gnoll and a hobgoblin.

Vanquished Creatures
  A bombardier beetle (D:4)
  Robin (D:4)
  3 gnolls (D:4)
  2 adders
  2 ribbon worms (D:4)
  4 endoplasms
  A giant cockroach (D:1)
  11 goblins
  5 hobgoblins
  3 jackals (D:1)
  A kobold (D:1)
  5 quokkas
  2 ball pythons (D:2)
  4 bats
  2 frilled lizards
  3 rats
50 creatures vanquished.

Notes
Turn   | Place    | Note
-------+----------+-------------------------------------------
     0 | D:1      | Hopman the Hill Orc Fighter began the quest for the Orb.
     0 | D:1      | Reached XP level 1. HP: 19/19 MP: 1/1
   115 | D:1      | Reached XP level 2. HP: 24/27 MP: 2/2
   821 | D:2      | Reached XP level 3. HP: 33/33 MP: 3/3
   925 | D:2      | You fall into a shaft and drop 2 floors!
  1007 | D:4      | Reached XP level 4. HP: 34/40 MP: 4/4
  1019 | D:4      | Noticed Robin
  1051 | D:4      | Killed Robin
  1054 | D:4      | Reached XP level 5. HP: 10/47 MP: 5/5
  1062 | D:4      | HP: 2/47 [gnoll/+0 halberd (6)]
  1067 | D:4      | Slain by a gnoll

Illustrated notes

Levels and vault maps discovered:
D:1:      minmay_arrival_open_corners, layout_loops_ring, due_unseen_surprise
D:2:      layout_loops_ring, dk_vineyard_3
D:4:      layout_basic, portal_sewer_entry_e, gammafunk_ghost_icy, uniq_robin

Skill      XL: |  1  2  3  4 |
---------------+-------------+-----
Axes           | 3 4 |  4.2
Fighting       | 4 |  4.6
Armour         | 4 |  4.2
Shields        | 4 |  4.2

Action                     |  1- 3 |  4- 6 || total
---------------------------+-------+-------++-------
  Melee: War axe           |   130 |    30 ||   160
    Use: Potion            |       |     5 ||     5
 Armour: Scale mail        |    93 |    55 ||   148
  Dodge: Dodged            |    56 |    32 ||    88
  Block: Buckler           |    41 |    15 ||    56
